 Dungeon Crawl Stone Soup version 0.26-a0-940-gf7e0b5f775 (webtiles) character file.

Game seed: 7297111505184190339

45173 miket3c the Earth Mage (level 14, -6/74 HPs)
             Began as a Gargoyle Earth Elementalist on Nov 26, 2020.
             Was an Elder of Sif Muna.
             Mangled by a komodo dragon (15 damage)
             ... on level 6 of the Lair of Beasts on Nov 28, 2020.
             The game lasted 02:20:48 (34980 turns).

miket3c the Earth Mage (GrEE)                      Turns: 34980, Time: 02:20:48

Health: -6/74      AC: 19    Str: 13    XL:     14   Next: 31%
Magic:  23/31      EV: 13    Int: 20    God:    Sif Muna [****..]
Gold:   1374       SH:  5    Dex: 10    Spells: 19/40 levels left

rFire    . . .     SeeInvis .   F - staff of earth
rCold    . . .     Faith    .   (no shield)
rNeg     + . .     Spirit   .   d - +3 leather armour
rPois    ∞         Reflect  +   (no helmet)
rElec    +         Harm     .   f - scarf {repulsion}
rCorr    +         Rampage  .   (no gloves)
MR       ++...                  L - +1 pair of boots
Stlth    ++........             V - amulet of reflection
HPRegen  0.22/turn              a - ring of protection from magic
MPRegen  0.22/turn              u - ring of resist corrosion

@: repel missiles
A: big wings, negative energy resistance 1, electricity resistance, unbreathing,
petrification resistance, rot immunity, AC +10
a: Fly, Channel Magic, Forget Spell, Divine Exegesis, Renounce Religion


You were on level 6 of the Lair of Beasts.
You worshipped Sif Muna.
Sif Muna was greatly pleased with you.
You visited 3 branches of the dungeon, and saw 19 of its levels.

You collected 1374 gold pieces.

Inventory:

Hand Weapons
 o - a +2 mace of draining
 K - the +3 flail "Ecihodd" {chaos, rF+ SInv}
   (You found it on level 6 of the Dungeon)

   Each time it hits an enemy it has a different, random effect.
   It protects you from fire.
   It lets you see invisible.
 T - a +2 dagger of venom
Missiles
 b - 72 stones
 h - 9 curare-tipped darts
 k - 18 poisoned darts (quivered)
Armour
 c - a +0 robe
 d - a +3 leather armour (worn)
 f - a scarf of repulsion (worn)
 i - a +0 chain mail
 n - a +1 cloak
 G - +1 steam dragon scales
 L - a +1 pair of boots (worn)
 R - a +2 robe of magic resistance
 S - a +0 troll leather armour
Magical Staves
 F - an uncursed staff of earth (weapon)
Jewellery
 a - a ring of protection from magic (left hand)
 g - an uncursed ring of protection from cold
 u - a ring of resist corrosion (right hand)
 I - an uncursed ring of stealth
 J - an uncursed ring of ice
 N - an uncursed amulet of guardian spirit
 V - an amulet of reflection (around neck)
 Z - a +4 ring of slaying {unknown}
Wands
 s - a wand of digging (10)
 H - a wand of enslavement (18)
 Q - a wand of acid (12)
 Y - a wand of random effects (9)
Scrolls
 e - 6 scrolls of amnesia
 j - 13 scrolls of remove curse
 l - a scroll of holy word {unknown}
 m - a scroll of brand weapon {unknown}
 q - a scroll of enchant weapon
 x - 2 scrolls of random uselessness
 y - 2 scrolls of fog
 C - 2 scrolls of immolation
 E - 5 scrolls of identify
 M - a scroll of torment {unknown}
 U - a scroll of vulnerability {unknown}
Potions
 p - 3 potions of degeneration
 r - 3 potions of mutation
 t - 2 potions of berserk rage
 v - 3 potions of curing
 w - 2 potions of brilliance
 z - 2 potions of magic
 A - a potion of haste
 B - a potion of resistance
 D - a potion of might
 O - 3 potions of attraction
 W - a potion of heal wounds {unknown}
 X - a potion of cancellation {unknown}


   Skills:
 + Level 3.2 Fighting
 + Level 0.1 Short Blades
 + Level 0.3(1.0) Maces & Flails
 + Level 1.3 Staves
 + Level 3.8 Throwing
 + Level 3.8 Armour
 + Level 4.5 Dodging
 + Level 5.1 Stealth
 + Level 1.1 Shields
 + Level 13.9 Spellcasting
 + Level 8.2 Conjurations
 + Level 0.7 Transmutations
 + Level 0.2 Ice Magic
 + Level 16.3 Earth Magic
 + Level 3.9 Evocations


You had 19 spell levels left.
You knew the following spells:

 Your Spells              Type           Power        Failure   Level
a - Sandblast             Erth           ######       0%          1
b - Passwall              Tmut/Erth      ######..     1%          2
c - Stone Arrow           Conj/Erth      ######       1%          3
d - Lee's Rapid Deconstr  Erth           #######...   1%          5
e - Freeze                Ice            ##..         5%          1
f - Conjure Flame         Conj/Fire      ####....     3%          3
g - Iron Shot             Conj/Erth      #######...   5%          6

Your spell library contained the following spells:

 Spells                   Type           Power        Failure   Level
 Leda's Liquefaction      Hex/Erth       ######....   1%          4
 Petrify                  Tmut/Erth      ######..     1%          4
 Mephitic Cloud           Conj/Pois/Air  ###.....     5%          3
 Bolt of Magma            Conj/Fire/Erth ######....   5%          5
 Animate Skeleton         Necr           ##....       6%          1
 Apportation              Tloc           ##....       6%          1
 Corona                   Hex            ##.....      6%          1
 Pain                     Necr           ##..         6%          1
 Summon Small Mammal      Summ           ##..         6%          1
 Call Imp                 Summ           ##......     9%          2
 Poisonous Vapours        Pois/Air       ##....       9%          2
 Slow                     Hex            ##......     9%          2
 Hailstorm                Conj/Ice       ####....     10%         4
 Frozen Ramparts          Ice            ##....       16%         3
 Ozocubu's Armour         Ice            ##......     16%         3
 Call Canine Familiar     Summ           ##......     17%         3
 Confusing Touch          Hex            ##......     17%         3
 Gell's Gravitas          Tloc           ##........   17%         3
 Inner Flame              Hex/Fire       ##......     17%         3
 Portal Projectile        Hex/Tloc       ##....       17%         3
 Summon Guardian Golem    Hex/Summ       ##......     17%         3
 Vampiric Draining        Necr           ##........   17%         3
 Lightning Bolt           Conj/Air       ####......   28%         5
 Summon Ice Beast         Ice/Summ       ##......     47%         4
 Airstrike                Air            ##........   50%         4
 Animate Dead             Necr           ##........   50%         4
 Cause Fear               Hex            ##........   50%         4
 Summon Lightning Spire   Summ/Air       ##......     50%         4
 Yara's Violent Unravell  Hex/Tmut       ###.......   80%         5
 Metabolic Englaciation   Hex/Ice        ##........   83%         5
 Agony                    Necr           ##......     85%         5
 Summon Demon             Summ           ##........   85%         5
 Conjure Ball Lightning   Conj/Air       ####......   85%         6
 Freezing Cloud           Conj/Ice/Air   ####......   95%         6
 Monstrous Menagerie      Summ           ##........   100%        7
 Spellforged Servitor     Conj/Summ      ####......   100%        7
 Chain Lightning          Conj/Air       ####......   100%        8
 Shatter                  Erth           #######...   100%        9
 Statue Form              Tmut/Erth      Unusable     N/A         6

Dungeon Overview and Level Annotations

Branches:
Dungeon (12/15)            Temple (1/1) D:6            Lair (6/6) D:10
 Shoals (0/4) Lair:3        Snake (0/4) Lair:3        Slime (0/5) Lair:5
    Orc (0/2) D:11

Altars:
Ashenzari
Cheibriados
Dithmenos
Elyvilon
Fedhas
Gozag
Hepliaklqana
Kikubaaqudgha
Makhleb
Nemelex Xobeh
Okawaru
Qazlal
Ru
Sif Muna
Trog
Uskayaw
Vehumet
Wu Jian
Xom
Yredelemnul
Zin
The Shining One
Beogh
Jiyva

Shops:
D:4 *   D:8 (   D:9 [

Portals:
Trove: D:10 (give 5 scrolls of fog)

Annotations:
D:11 3 runed translucent doors, ALWAYSlose's ghost, journeyman DsBe
D:12 Kirke


Innate Abilities, Weirdness & Mutations

You are resistant to torment.
Your stone body is resilient. (AC +10)
You are immune to poison.
Your large and strong wings let you fly indefinitely.
You resist negative energy. (rN+)
You are resistant to electric shocks. (rElec)
You can survive without breathing.
You are immune to petrification.
You are immune to rotting.


Message History

* * * LOW HITPOINT WARNING * * *
The blink frog blinks!
The water moccasin barely misses you. You block the bullfrog's attack.
Casting: Sandblast (safe; 0% risk of failure)
Confirm with . or Enter, or press ? or * to list all spells.
Aiming: Sandblast (safe; 0% risk of failure)
Press: ? - help, Shift-Dir - straight line, f - bullfrog
Aim: a bullfrog (20% to evade)
You feel a surge of power!
The blast of sand misses the bullfrog.
b - 72 stones The bullfrog misses you.
The water moccasin misses you. You block the bullfrog's attack.
A bullfrog comes into view.
The bullfrog hits you.
* * * LOW HITPOINT WARNING * * *
The blink frog blinks!
You feel better.
The water moccasin bites you but does no damage.
The bullfrog closely misses you. The komodo dragon bites you!
You die...

##### .
###.#.#### #
..##..#.....#.#.
................
................
.F§..FF@S.......
......FlF.......
#####.##.....(..
... .........
.... ....§....
..... .......F..
.... .......)..
...# #.P......^.


You could see a komodo dragon, 3 blink frogs, a water moccasin and 3 bullfrogs.

Vanquished Creatures
  A hydra (Lair:3)
  A catoblepas (Lair:2)
  Erica (D:9)
  5 death yaks
  Sonja (Lair:1)
  Pikel (D:8)
  An ugly thing (D:10)
  A cyclops (D:11)
  Maurice (D:8)
  A manticore (D:11)
  Joseph (D:7)
  4 merfolk sirens (Lair:3)
  4 black mambas
  8 elephants
  18 cane toads
  Psyche (D:8)
  2 gargoyles (D:10)
  7 rime drakes
  6 komodo dragons
  7 trolls
  A polar bear (Lair:5)
  Prince Ribbit (D:7)
  27 blink frogs
  22 yaks
  A wraith (D:10)
  5 wyverns
  A hog (D:11)
  Grum (D:9)
  3 basilisks
  A steam dragon (Lair:2)
  A vampire mosquito (Lair:6)
  7 nagas (Lair:3)
  12 water moccasins
  Duvessa (D:5)
  5 black bears
  4 ice beasts
  11 orc warriors
  2 sky beasts (D:6)
  5 ogres
  2 phantoms
  15 wolves
  A necrophage (D:9)
  3 centaurs
  5 big kobolds
  15 bullfrogs
  Dowan (D:5)
  3 scorpions
  14 killer bees
  13 wights
  3 howler monkeys (D:6)
  A quasit (D:10)
  5 hounds
  7 orc priests
  3 jellies
  2 bullfrog skeletons
  Crazy Yiuf (D:2)
  Natasha (thrice) (D:2)
  2 centaur skeletons
  6 orc wizards
  An iguana (D:6)
  7 worker ants
  2 worker ant zombies
  9 gnolls
  10 adders
  A shadow imp (D:6)
  3 white imps
  2 ufetubi
  3 adder skeletons
  4 worms (D:2)
  3 dart slugs
  6 leopard geckos
  55 orcs
  5 giant cockroaches
  11 goblins
  4 hobgoblins
  6 jackals
  20 kobolds
  4 quokkas
  6 bats
  5 frilled lizards
  A jackal skeleton (D:5)
  8 rats
464 creatures vanquished.

Vanquished Creatures (others)
  24 fungi
  95 plants
119 creatures vanquished.

Grand Total: 583 creatures vanquished

Notes
Turn   | Place    | Note
-------+----------+-------------------------------------------
     0 | D:1      | miket3c the Gargoyle Earth Elementalist began the quest for
                  | the Orb.
     0 | D:1      | Reached XP level 1. HP: 10/10 MP: 3/3
   156 | D:1      | Reached XP level 2. HP: 15/15 MP: 1/5
   344 | D:1      | Reached skill level 4 in Earth Magic
   842 | D:1      | Learned a level 2 spell: Passwall
   916 | D:2      | Noticed Natasha
   919 | D:2      | Killed Natasha
   920 | D:2      | Reached XP level 3. HP: 17/19 MP: 2/7
  1337 | D:2      | Reached XP level 4. HP: 24/24 MP: 5/8
  1537 | D:2      | Noticed Natasha
  1546 | D:2      | Killed Natasha
  1843 | D:2      | Learned a level 3 spell: Stone Arrow
  1887 | D:2      | Reached skill level 5 in Earth Magic
  1892 | D:2      | Reached XP level 5. HP: 28/28 MP: 7/10
  2010 | D:2      | Noticed Natasha
  2017 | D:2      | Killed Natasha
  2310 | D:2      | Found a runed translucent door.
  2311 | D:2      | Noticed Crazy Yiuf
  2319 | D:2      | Killed Crazy Yiuf
  2869 | D:3      | Found a blossoming altar of Fedhas.
  3105 | D:3      | Noticed a phantom
  3122 | D:3      | Killed a phantom
  3123 | D:3      | Reached skill level 6 in Earth Magic
  3123 | D:3      | Reached XP level 6. HP: 33/33 MP: 5/12
  4583 | D:4      | Noticed a black bear
  4825 | D:4      | Found Pyqee's Assorted Antiques.
  4868 | D:4      | Reached XP level 7. HP: 37/37 MP: 8/13
  5003 | D:4      | Reached skill level 1 in Throwing
  5231 | D:5      | Entered Level 5 of the Dungeon
  5244 | D:5      | Reached skill level 5 in Spellcasting
  5361 | D:5      | Reached skill level 7 in Earth Magic
  6157 | D:5      | Reached XP level 8. HP: 42/42 MP: 3/16
  6629 | D:5      | Noticed Duvessa
  6629 | D:5      | Noticed Dowan
  6641 | D:5      | Killed Duvessa
  6646 | D:5      | Reached skill level 1 in Conjurations
  6646 | D:5      | Killed Dowan
  7754 | D:5      | Reached skill level 8 in Earth Magic
  8697 | D:6      | Found a staircase to the Ecumenical Temple.
  8713 | Temple   | Entered the Ecumenical Temple
  8886 | Temple   | Became a worshipper of Sif Muna the Loreminder
  9106 | D:6      | Learned a level 5 spell: Lee's Rapid Deconstruction
  9108 | D:6      | Learned a level 1 spell: Freeze
  9373 | D:6      | Reached skill level 1 in Fighting
  9735 | D:6      | Got a warped flail
  9739 | D:6      | Identified the +3 flail "Ecihodd" {chaos, rF+ SInv} (You
                  | found it on level 6 of the Dungeon)
  9770 | D:6      | Found a radiant altar of Vehumet.
  9789 | D:6      | Reached skill level 9 in Earth Magic
  9789 | D:6      | Reached XP level 9. HP: 47/47 MP: 12/19
 10529 | D:6      | Identified a scroll of acquirement
 10530 | D:6      | Acquired an uncursed staff of earth
 10776 | D:7      | Found a glowing golden altar of the Shining One.
 10776 | D:7      | Found a burning altar of Makhleb.
 11031 | D:7      | Noticed Prince Ribbit
 11035 | D:7      | Killed Prince Ribbit
 11251 | D:7      | Noticed Joseph
 11273 | D:7      | Killed Joseph
 11274 | D:7      | Reached skill level 1 in Evocations
 11975 | D:7      | Reached * piety under Sif Muna
 12548 | D:8      | Reached skill level 10 in Earth Magic
 12744 | D:8      | Found a shimmering altar of Xom.
 12744 | D:8      | Found a shimmering altar of Xom.
 12744 | D:8      | Found a shimmering altar of Xom.
 12746 | D:8      | Found a shimmering altar of Xom.
 12748 | D:8      | Found a shimmering altar of Xom.
 12771 | D:8      | Noticed Psyche
 13132 | D:8      | Noticed Maurice
 13439 | D:8      | Found Uckem's Antique Weapon Shop.
 13449 | D:8      | Killed Psyche
 13450 | D:8      | Reached XP level 10. HP: 40/52 MP: 17/22
 13456 | D:8      | Killed Maurice
 13491 | D:8      | Noticed Pikel
 13495 | D:8      | Killed Pikel
 13496 | D:8      | Reached skill level 11 in Earth Magic
 13828 | D:8      | Reached ** piety under Sif Muna
 13973 | D:8      | Found a roughly hewn altar of Beogh.
 15889 | D:9      | Found a broken altar of Ashenzari.
 15894 | D:9      | Saw a vision of the Shoals and the Snake Pit.
 15894 | D:9      | Noticed a shock serpent
 15894 | D:9      | Noticed a naga mage
 15894 | D:9      | Noticed a sea snake
 15894 | D:9      | Noticed a sea snake
 15915 | D:9      | Noticed Erica
 15954 | D:9      | Killed Erica
 16065 | D:9      | Reached XP level 11. HP: 57/57 MP: 17/24
 16153 | D:9      | Reached *** piety under Sif Muna
 16450 | D:9      | Reached skill level 12 in Earth Magic
 16479 | D:9      | Noticed Grum
 16645 | D:9      | Found Wiriusm's Antique Armour Shop.
 16855 | D:9      | Killed Grum
 17377 | D:10     | Entered Level 10 of the Dungeon
 17381 | D:10     | Reached skill level 10 in Spellcasting
 17434 | D:10     | Found an ancient bone altar of Kikubaaqudgha.
 17550 | D:10     | Noticed a death yak
 17604 | D:10     | Killed a death yak
 17694 | D:10     | Found a staircase to the Lair.
 17904 | D:10     | Reached skill level 1 in Staves
 18519 | D:10     | Noticed a death yak
 18520 | D:10     | Noticed a death yak
 18520 | D:10     | Noticed a death yak
 18586 | D:10     | Noticed a death yak
 18726 | D:10     | Killed a death yak
 19046 | D:11     | Found a staircase to the Orcish Mines.
 19071 | D:11     | Reached skill level 5 in Conjurations
 19236 | D:11     | Noticed a cyclops
 19398 | D:11     | Killed a cyclops
 19399 | D:11     | Reached skill level 13 in Earth Magic
 19948 | D:11     | Noticed a green ugly thing
 20112 | D:10     | Killed a green ugly thing
 20114 | D:10     | Reached XP level 12. HP: 60/64 MP: 19/27
 20944 | D:11     | Found a runed translucent gate.
 20944 | D:11     | Found a runed translucent gate.
 20944 | D:11     | Found a runed translucent gate.
 20950 | D:11     | Noticed ALWAYSlose's ghost (journeyman DsBe)
 20959 | D:11     | Identified the +12 rapier "Begicsan" {chaos, rPois Str+2
                  | Stlth-}
 20959 | D:11     | Identified the +6 chain mail "Neqavoku" {rPois rN+++ SInv
                  | Stlth-}
 21016 | D:11     | Reached **** piety under Sif Muna
 21338 | D:11     | Found a roughly hewn altar of Beogh.
 21402 | D:12     | Noticed Kirke
 21672 | D:10     | Reached skill level 1 in Armour
 21724 | D:10     | Found a portal to a secret trove of treasure.
 21864 | Lair:1   | Entered Level 1 of the Lair of Beasts
 22329 | Lair:1   | Reached skill level 5 in Stealth
 22604 | Lair:1   | Noticed Sonja
 22633 | Lair:1   | Killed Sonja
 24477 | Lair:2   | Reached skill level 14 in Earth Magic
 24516 | Lair:2   | HP: 3/64 [blink frog (6)]
 25748 | Lair:2   | Reached XP level 13. HP: 68/68 MP: 19/29
 27197 | Lair:3   | Found a staircase to the Shoals.
 27667 | Lair:3   | Found a dark tunnel.
 28412 | Lair:3   | Reached skill level 15 in Earth Magic
 29102 | Lair:3   | Found a staircase to the Snake Pit.
 29596 | Lair:3   | Learned a level 3 spell: Conjure Flame
 30337 | Lair:3   | Upgraded the game from 0.26-a0-931-g326f72de0d to
                  | 0.26-a0-940-gf7e0b5f775
 30652 | Lair:4   | Reached ***** piety under Sif Muna
 30858 | Lair:4   | Identified Sif Muna's Guide on the Cloudy Escort (Sif Muna
                  | gifted it to you on level 4 of the Lair of Beasts)
 30858 | Lair:4   | Received a gift from Sif Muna
 31065 | Lair:4   | Reached skill level 1 in Shields
 32113 | Lair:5   | Learned a level 6 spell: Iron Shot
 32583 | Lair:5   | Gained mutation: Your large and strong wings let you fly
                  | indefinitely. [Gargoyle growth]
 32583 | Lair:5   | Reached XP level 14. HP: 60/72 MP: 27/31
 33148 | Lair:5   | Reached skill level 16 in Earth Magic
 34095 | Lair:5   | Found a viscous altar of Jiyva.
 34096 | Lair:5   | Found a staircase to the Slime Pits.
 34471 | Lair:6   | Entered Level 6 of the Lair of Beasts
 34980 | Lair:6   | Mangled by a komodo dragon

Illustrated notes

Levels and vault maps discovered:
D:1:      dpeg_arrival_solitude, layout_loops_ring
D:2:      layout_rooms, kennysheep_generic_room_16, uniq_natasha,
          uniq_crazy_yiuf_cottage
D:3:      layout_basic, minivault_27, hex_intersection, fedhas_altar_4
D:4:      layout_basic, serial_co_window_serial, co_window_paths_b,
          co_window_corner_a, co_window_of_opportunity_a, co_window_paths_a,
          co_window_corner_a, co_window_cross_2, co_window_cross_2,
          co_window_cross_4, co_window_broadway_b, co_window_of_opportunity_b,
          co_window_paths_e, co_window_4corner_b, glass_columns_b,
          glass_columns_a, glass_columns_a, serial_shops, shop,
          minmay_box_of_dots
D:5:      layout_loops_ring, grunt_ministairs_12, uniq_duvessa
D:6:      kennysheep_six_static_rooms, layout_basic,
          nicolae_overflow_hidden_temple, minmay_temple_entry_wispy
D:7:      layout_cave_pods, gammafunk_temple_overflow_wave,
          minmay_stone_trees_medium, uniq_joseph, uniq_prince_ribbit1
D:8:      layout_loops_ring, xom_redecorated, serial_shops, shop, special_room
          [special_room_orc], uniq_pikel, uniq_maurice, uniq_psyche
D:9:      layout_long_grid, serial_shops, nicolae_shop_trees,
          grunt_ashenzari_visionary [grunt_ashenzari_visionary_shoals,
          grunt_ashenzari_visionary_snake], uniq_erica, uniq_grum
D:10:     layout_basic, dpeg_lair_monsters, basic_altar, enter_trove_1
D:11:     layout_rooms, david_orc_2, biasface_ghost_orc_armoury,
          grunt_ministairs_10
D:12:     layout_loops_corners, hangedman_little_slice_of_home, uniq_kirke
Temple:   hc_temple_tempest_star
Lair:1:   layout_chaotic_city, lemuel_fruit_fields, uniq_sonja
Lair:2:   layout_regular_city, minivault_23, grunt_megastairs_5
Lair:3:   layout_cave_pods, elwin_shoals_entry_stream,
          minmay_snake_entry_guardpost_large, lightli_volcano_entry_magma_tube,
          chequers_serial_rivers_micro_a, beast_lair_carwin_2
Lair:4:   layout_cave_pods, grunt_megastairs_3
Lair:5:   layout_cave_pods, slime_altar_1
Lair:6:   minmay_lair_end_frog_pond, layout_long_grid

Skill      XL: |  1  2  3  4  5  6  7  8  9 10 11 12 13 14 |
---------------+-------------------------------------------+-----
Earth Magic    | 4 5 6 7 9 10 11 13 14 15 16 | 16.3
Spellcasting   | 3 4 5 6 8 9 11 12 13 | 13.9
Throwing       | 1 2 3 |  3.8
Dodging        | 2 3 4 |  4.5
Conjurations   | 1 3 4 5 6 7 8 |  8.2
Stealth        | 3 4 5 |  5.1
Fighting       | 1 2 3 |  3.2
Evocations     | 1 3 |  3.9
Staves         | 1 |  1.3
Armour         | 2 3 |  3.8
Shields        | 1 |  1.1
Short Blades   | |  0.1
Maces & Flails | |  0.3
Transmutations | |  0.7
Ice Magic      | |  0.2

Action                   |  1- 3 |  4- 6 |  7- 9 | 10-12 | 13-15 || total
-------------------------+-------+-------+-------+-------+-------++-------
Melee: Unarmed           |     1 |       |       |       |       ||     1
       Short sword       |    12 |     8 |       |       |       ||    20
       Mace              |       |     4 |       |       |       ||     4
       Dagger            |       |       |    46 |       |       ||    46
       Staff             |       |       |     2 |    26 |    15 ||    43
Throw: Dart              |       |    21 |    18 |    27 |    21 ||    87
       Boomerang         |       |       |    24 |       |       ||    24
 Cast: Sandblast         |    32 |    82 |   111 |   218 |   124 ||   567
       Stone Arrow       |       |       |    73 |   227 |   156 ||   456
       Freeze            |       |       |     1 |     1 |       ||     2
       Passwall          |       |       |       |     1 |       ||     1
       Lee's Rapid Decon |       |       |       |       |    32 ||    32
Evoke: Wand              |       |     3 |    20 |    58 |     3 ||    84
  Use: Scroll            |       |     3 |    14 |    12 |     6 ||    35
       Potion            |       |       |     1 |       |     5 ||     6
 Stab: Sleeping          |     1 |       |       |       |       ||     1
Armor: Robe              |     2 |    11 |    57 |    57 |       ||   127
       Leather armour    |       |       |       |    70 |    81 ||   151
Dodge: Dodged            |    11 |    33 |    56 |   155 |   128 ||   383
       Repelled          |       |     2 |       |     1 |     4 ||     7
Block: Other             |       |       |       |       |    29 ||    29

Table legend: (Time is in decaauts)
 A = Elapsed time spent in this place.
 B = Non-inter-level travel time spent in this place.
 C = Inter-level travel time spent in this place.
 D = Time resting spent in this place.
 E = Time spent auto-exploring this place.
 F = Levels seen in this place.
 G = Mean time per level.
                   A        B        C        D        E       F      G
               +--------+--------+--------+--------+--------+-----+--------+
         Total |  34967 |  33971 |    996 |  18021 |   9944 |  19 | 1840.4 |
       Dungeon |  21674 |  21007 |    667 |  10190 |   6735 |  12 | 1806.2 |
        Temple |    193 |    163 |     30 |      0 |    161 |   1 |  193.0 |
          Lair |  13099 |  12800 |    299 |   7831 |   3048 |   6 | 2183.2 |
               +--------+--------+--------+--------+--------+-----+--------+

Top non-repeatable levels by time:
  Lair:3: 3200 daAuts
     D:8: 3010 daAuts
  Lair:2: 2777 daAuts
  Lair:1: 2529 daAuts
  Lair:4: 2499 daAuts
     D:9: 2431 daAuts
     D:5: 2356 daAuts
    D:11: 2216 daAuts
     D:7: 2178 daAuts
     D:6: 1912 daAuts
  Lair:5: 1855 daAuts
     D:4: 1843 daAuts
     D:2: 1794 daAuts
    D:10: 1705 daAuts
     D:3: 1378 daAuts
